 Dungeon Crawl Stone Soup version 0.28.0-47-ge53b351184 (webtiles) character file.

Game seed: 6327568200412158793

18087 warriortoast the Thaumaturge (level 12, -3/73 HPs)
             Began as a Deep Elf Fire Elementalist on Apr 26, 2022.
             Was an Elder of Sif Muna.
             Killed from afar by a raiju (16 damage)
             ... with a living lightning
             ... in a Gauntlet on Apr 27, 2022.
             The game lasted 01:00:30 (18355 turns).

warriortoast the Thaumaturge (DEFE)                Turns: 18355, Time: 01:01:00

Health: -3/73      AC:  6    Str:  5    XL:     12   Next: 24%
Magic:  15/30      EV: 18    Int: 38    God:    Sif Muna [****..]
Gold:   685        SH:  0    Dex: 17    Spells: 16/36 levels left

rFire   . . .      SeeInvis .   n - +11 long sword of the Purple Skies {flame, +Blink Dex+2}
rCold   . . .      Faith    .   (no shield)
rNeg    . . .      Spirit   .   O - +0 robe {Archmagi}
rPois   .          Reflect  .   (no helmet)
rElec   .          Harm     .   i - +0 cloak
rCorr   .          Rampage  .   L - +1 pair of gloves
Will    +....      Archmagi +   t - +0 pair of boots
Stlth   ++........ NoTele   +   (no amulet)
HPRegen 0.22/turn               d - +6 ring of intelligence
MPRegen 0.22/turn               J - +6 ring of intelligence

@: no status effects
A: no striking features
a: Renounce Religion, Evoke Blink, Channel Magic, Forget Spell, Divine Exegesis


You were in a Gauntlet.
You worshipped Sif Muna.
Sif Muna was greatly pleased with you.
You visited 3 branches of the dungeon, and saw 14 of its levels.
You also visited: Ossuary and Gauntlet.

You collected 1040 gold pieces.
You spent 355 gold pieces at shops.

Inventory:

Hand Weapons
 h - a +4 quarterstaff of chaos
 n - the +11 long sword of the Purple Skies (weapon) {flame, +Blink Dex+2}
   (You found it on level 2 of the Lair of Beasts)

   It burns those it strikes, dealing additional fire damage.
   Big, fiery blades are also staple armaments of hydra-hunters.
   Dex:       It affects your dexterity (+2).
   +Blink:    It lets you blink.
Armour
 i - a +0 cloak (worn)
 t - a +0 pair of boots (worn)
 B - +0 acid dragon scales
 C - +0 steam dragon scales
 L - a +1 pair of gloves (worn)
 O - a +0 robe of the Archmagi (worn)
Magical Staves
 e - a staff of air
 D - a staff of earth
Jewellery
 d - a +6 ring of intelligence (left hand)
 r - a ring of poison resistance
 v - a +6 ring of strength
 E - a ring of positive energy
 J - a +6 ring of intelligence (right hand)
Wands
 a - a wand of iceblast (18)
 y - a wand of flame (18)
 F - a wand of paralysis (7)
 I - a wand of digging (6)
 M - a wand of mindburst (9)
Scrolls
 b - 2 scrolls of holy word
 c - 2 scrolls of teleportation
 j - 4 scrolls of enchant armour
 o - 3 scrolls of identify
 q - a scroll of fear
 z - 2 scrolls of blinking
 A - 3 scrolls of fog
 G - a scroll of enchant weapon {unknown}
Potions
 f - 12 potions of curing
 g - 4 potions of flight
 k - a potion of ambrosia
 l - a potion of might
 m - 4 potions of attraction
 p - 5 potions of haste
 s - a potion of lignification
 u - a potion of brilliance
 w - a potion of resistance
 x - a potion of magic
 H - 3 potions of mutation {unknown}
 K - 3 potions of degeneration {unknown}
Miscellaneous
 N - a tin of tremorstones (inert)


   Skills:
 - Level 8.0 Fighting
 - Level 10.1 Dodging
 - Level 2.4 Stealth
 + Level 12.9 Spellcasting
 + Level 8.4 Conjurations
 - Level 8.5 Fire Magic
 + Level 2.7 Air Magic
 - Level 5.1 Invocations
 - Level 5.1 Evocations


You had 16 spell levels left.
You knew the following spells:

 Your Spells              Type           Power      Damage    Failure   Level
a - Foxfire               Conj/Fire      100%       2x1d9     1%          1
b - Scorch                Fire           100%       2d10      1%          2
c - Conjure Flame         Conj/Fire      93%        6-21      1%          3
d - Flame Wave            Conj/Fire      93%        2d16      1%          4
e - Call Canine Familiar  Summ           36%        N/A       4%          3
f - Shock                 Conj/Air       100%       1d9       1%          1
g - Swiftness             Air            61%        N/A       1%          3
h - Stone Arrow           Conj/Erth      100%       3d13      1%          3

Your spell library contained the following spells:

 Spells                   Type           Power      Damage    Failure   Level
 Animate Skeleton         Necr           72%        N/A       1%          1
 Apportation              Tloc           72%        N/A       1%          1
 Pain                     Necr           100%       1d9       1%          1
 Sandblast                Erth           72%        2d16      1%          1
 Corpse Rot               Necr/Air       100%       N/A       1%          2
 Poisonous Vapours        Pois/Air       100%       N/A       1%          2
 Inner Flame              Hex/Fire       71%        N/A       1%          3
 Passwall                 Tmut/Erth      30%        N/A       2%          2
 Portal Projectile        Hex/Tloc       72%        N/A       4%          3
 Vampiric Draining        Necr           36%        2d8       4%          3
 Airstrike                Air            30%        N/A       4%          4
 Leda's Liquefaction      Hex/Erth       18%        N/A       16%         4
 Agony                    Necr           36%        N/A       38%         5
 Alistair's Intoxication  Tmut/Pois      24%        N/A       38%         5
 Excruciating Wounds      Necr           18%        N/A       38%         5
 Summon Cactus Giant      Summ           18%        N/A       93%         6


Dungeon Overview and Level Annotations

Branches:
Dungeon (9/15)             Temple (0/1) D:7            Lair (3/6) D:9
    Orc (2/2) D:9         Ossuary (visited)         Gauntlet (1/1)
  Swamp: Lair:2-4    Shoals: Lair:2-4     Snake: Lair:2-4    Spider: Lair:2-4
    Elf: Orc:2

Altars:
Cheibriados
Makhleb
Sif Muna
Uskayaw
Xom
Yredelemnul

Shops:
D:3 (   D:4 ?   D:7 *   Orc:1 =

Annotations:
D:6 2 transporters, AlmostDecent's ghost, novice VSFi Gauntlet 11 transporters, 21 runed translucent doors, exclusion: 2 lightning spires


Message History

Confirm with . or Enter, or press ? or * to list all spells.
You feel a surge of power!
Flames lash the raiju.
The raiju is moderately wounded.
The raiju's fire resistance burns away.
The raiju bites you. The raiju shocks you!
Casting: Scorch (safe; 1% risk of failure)
Confirm with . or Enter, or press ? or * to list all spells.
You feel a surge of power!
Flames lash the raiju.
The raiju is burned terribly!
The raiju is heavily wounded.
The raiju bites you. The raiju shocks you!
Casting: Scorch (safe; 1% risk of failure)
Confirm with . or Enter, or press ? or * to list all spells.
You feel a surge of power!
Flames lash the raiju.
The raiju is burned terribly!
The raiju is heavily wounded.
The raiju barely misses you.
Casting: Scorch (safe; 1% risk of failure)
Confirm with . or Enter, or press ? or * to list all spells.
You feel a surge of power!
Flames lash the raiju.
The raiju is burned terribly!
The raiju is almost dead.
The raiju bites you! The raiju shocks you! The raiju completely misses you.
Casting: Scorch (safe; 1% risk of failure)
Confirm with . or Enter, or press ? or * to list all spells.
You feel a surge of power!
Flames lash the raiju but do no damage.
The raiju closely misses you. The raiju bites you.
* * * LOW HITPOINT WARNING * * *
The raiju shocks you!
* * * LOW HITPOINT WARNING * * *
Casting: Scorch (safe; 1% risk of failure)
Confirm with . or Enter, or press ? or * to list all spells.
You feel a surge of power!
Flames lash the raiju.
The raiju is burned terribly!
You kill the raiju!
Sif Muna accepts your kill. The raiju closely misses you.
Casting: Scorch (safe; 1% risk of failure)
Confirm with . or Enter, or press ? or * to list all spells.
You feel a surge of power!
Flames lash the raiju.
The raiju is burned terribly!
The raiju is severely wounded.
The raiju bursts into living lightning!
The living lightning hits you!
You die...

################≈#§#≈#§#
##≈#§#≈#§#≈#§#≈#....§.§..
#≈....................8..
##.8.....8.....8.........
#§...............########
##...#########...#h.○☼...
#≈...#......8#...#..#####
##...#.h####:#####.##...○
#≈...#.#@..#.#...#.#.####
##.8©#.#.©.#©#©8©#.##.©.#
#≈...#.#...#[#...##.####°
##...#.####.!#######. .E#
#≈...#...8 ..#. ####
##...#########... ....
≈............... ####
##.8.....8.....8. ....
........... .... .8..


You could see a raiju (combustible).

Vanquished Creatures
  3 cyclopes
  An ugly thing (D:9)
  The ghost of issech the Cudgeller, a novice TrMo (D:5)
  Maurice (D:9)
  A black mamba (Lair:1)
  2 centaur zombies
  Psyche (D:9)
  A cane toad (Lair:1)
  Maggie (D:9)
  A rime drake (Lair:2)
  3 trolls
  A polar bear (Lair:1)
  Prince Ribbit (D:6)
  2 hornets
  5 blink frogs (Lair:2)
  A raiju (Gauntlet)
  A wraith (D:6)
  A wyvern (Lair:2)
  2 basilisks (Lair:2)
  29 yaks
  A steam dragon (D:6)
  3 vampire mosquitoes
  Menkaure (D:6)
  An acid dragon (D:6)
  8 water moccasins
  3 orc warriors (D:9)
  3 sky beasts
  A necrophage (D:4)
  6 ogres
  7 black bears
  4 wolves (Lair:2)
  3 centaurs
  2 phantoms
  6 kobold brigands
  7 bullfrogs
  Blork the orc (D:6)
  2 wyvern zombies
  2 howler monkeys
  2 hounds
  2 jellies
  A bullfrog skeleton (D:6)
  4 centaur skeletons
  Crazy Yiuf (D:2)
  11 orc priests
  3 iguanas
  8 orc wizards
  5 hell rats (Lair:1)
  A scorpion zombie (D:5)
  9 mummies
  2 howler monkey zombies (D:6)
  6 adders
  5 gnolls
  12 river rats (Lair:1)
  2 white imps
  2 ufetubi (D:5)
  An adder skeleton (D:4)
  A worm (D:2)
  2 dart slugs (D:1)
  46 orcs
  10 ball pythons
  7 endoplasms
  A giant cockroach (D:2)
  A gnoll zombie (Ossuary)
  6 goblins
  9 hobgoblins
  3 jackals (D:1)
  13 quokkas
  3 bats
  7 frilled lizards
  4 hobgoblin zombies (Ossuary)
  23 kobolds
  2 kobold zombies (Ossuary)
  An orc zombie (Ossuary)
  14 rats
350 creatures vanquished.

Vanquished Creatures (collateral kills)
  23 foxfires
23 creatures vanquished.

Vanquished Creatures (others)
  1046 foxfires
  7 fungi
  13 plants
1066 creatures vanquished.

Grand Total: 1439 creatures vanquished

Notes
Turn   | Place    | Note
-------+----------+-------------------------------------------
     0 | D:1      | warriortoast the Deep Elf Fire Elementalist began the quest
                  | for the Orb.
     0 | D:1      | Reached XP level 1. HP: 10/10 MP: 6/6
   388 | D:1      | Found a faded altar of an unknown god.
   413 | D:1      | Reached XP level 2. HP: 15/15 MP: 4/8
  1204 | D:1      | Reached XP level 3. HP: 19/19 MP: 6/10
  1336 | D:1      | Learned a level 2 spell: Scorch
  1340 | D:1      | Learned a level 3 spell: Conjure Flame
  1796 | D:2      | Reached skill level 4 in Spellcasting
  2071 | D:2      | Found a runed translucent door.
  2072 | D:2      | Noticed Crazy Yiuf
  2079 | D:2      | Killed Crazy Yiuf
  2080 | D:2      | Reached XP level 4. HP: 24/24 MP: 7/12
  2784 | D:3      | Found Hyff's Weapon Shoppe.
  2831 | D:3      | Found a hide-covered altar of Uskayaw.
  3273 | D:3      | You fall into a shaft and drop 3 floors!
  3284 | D:5      | Entered Level 5 of the Dungeon
  3311 | D:5      | Found a runed translucent door.
  3316 | D:5      | Noticed issech's ghost (novice TrMo)
  3317 | D:5      | Noticed an ogre
  3329 | D:5      | Reached skill level 5 in Spellcasting
  3329 | D:5      | Reached XP level 5. HP: 27/28 MP: 6/14
  3410 | D:5      | Killed an ogre
  3411 | D:5      | Reached skill level 5 in Fire Magic
  3413 | D:5      | Reached XP level 6. HP: 32/32 MP: 5/16
  3417 | D:5      | Reached skill level 6 in Spellcasting
  3578 | D:5      | Noticed a sky beast
  3588 | D:5      | Killed a sky beast
  3713 | D:5      | Noticed a hornet
  3727 | D:5      | Paralysed by a hornet for 1 turns
  3728 | D:5      | Killed a hornet
  3729 | D:5      | Reached skill level 7 in Spellcasting
  3729 | D:5      | Reached XP level 7. HP: 12/36 MP: 4/20
  3734 | D:4      | Found Ufijoof's Magic Scroll Shoppe.
  3737 | D:4      | Bought a scroll of magic mapping for 35 gold pieces
  3737 | D:4      | Bought a scroll of magic mapping for 35 gold pieces
  3737 | D:4      | Bought 2 scrolls of identify for 40 gold pieces
  3937 | D:4      | Found a sand-covered staircase.
  3946 | D:4      | Reached skill level 8 in Spellcasting
  3965 | Ossuary  | Entered an ossuary
  4738 | D:4      | Reached XP level 8. HP: 41/41 MP: 16/22
  4959 | D:4      | Reached skill level 9 in Spellcasting
  5164 | D:4      | Found a basalt altar of Yredelemnul.
  5787 | D:4      | Bought a scroll of enchant armour for 75 gold pieces
  5787 | D:4      | Bought a scroll of blinking for 75 gold pieces
  5787 | D:4      | Bought a scroll of fog for 20 gold pieces
  5787 | D:4      | Bought a scroll of enchant armour for 75 gold pieces
  6455 | D:5      | Killed issech's ghost
  6456 | D:5      | Reached skill level 10 in Spellcasting
  6456 | D:5      | Reached skill level 5 in Conjurations
  6820 | D:6      | Reached XP level 9. HP: 21/45 MP: 1/25
  6997 | D:6      | Noticed a troll
  7006 | D:6      | Killed a troll
  7007 | D:6      | Reached skill level 1 in Fighting
  7238 | D:6      | Noticed Prince Ribbit
  7242 | D:6      | Killed Prince Ribbit
  7318 | D:6      | Found a transporter.
  7319 | D:6      | Noticed AlmostDecent's ghost (novice VSFi)
  7361 | D:6      | Reached skill level 5 in Dodging
  7506 | D:6      | Found a transporter.
  7566 | D:6      | Noticed Blork the orc
  7571 | D:6      | Killed Blork the orc
  7578 | D:6      | Learned a level 4 spell: Flame Wave
  7879 | D:6      | Noticed Menkaure
  7883 | D:6      | Killed Menkaure
  8843 | D:6      | Reached XP level 10. HP: 32/58 MP: 5/26
  8985 | D:7      | Reached skill level 5 in Fighting
  9619 | D:7      | Found a shimmering blue altar of Sif Muna.
  9621 | D:7      | Found a shimmering altar of Xom.
  9647 | D:7      | Found Tosiuf's Neck Hole.
  9714 | D:7      | Became a worshipper of Sif Muna the Loreminder
  9954 | D:7      | Found a staircase to the Ecumenical Temple.
 10840 | D:8      | Found a snail-covered altar of Cheibriados.
 11139 | D:8      | Found a burning altar of Makhleb.
 11139 | D:8      | Noticed a blizzard demon
 11221 | D:8      | Reached * piety under Sif Muna
 11430 | D:9      | Noticed Maurice
 11430 | D:9      | Noticed a cyan ugly thing
 11535 | D:9      | Noticed Psyche
 11543 | D:9      | Killed Psyche
 11552 | D:9      | Killed a cyan ugly thing
 11553 | D:9      | Reached skill level 10 in Dodging
 11841 | D:9      | Noticed Maggie
 11846 | D:9      | Killed Maggie
 11847 | D:9      | Reached skill level 1 in Invocations
 11847 | D:9      | Reached skill level 1 in Evocations
 11919 | D:9      | Noticed a cyclops
 11942 | D:9      | Killed Maurice
 12120 | D:9      | Killed a cyclops
 12121 | D:9      | Reached XP level 11. HP: 67/67 MP: 14/27
 12361 | D:9      | Learned a level 3 spell: Call Canine Familiar
 13052 | D:9      | Reached ** piety under Sif Muna
 13239 | D:9      | Found a staircase to the Orcish Mines.
 13425 | D:9      | Found a staircase to the Lair.
 13863 | Orc:1    | Entered Level 1 of the Orcish Mines
 13863 | Orc:1    | Found Edwuosk's Jewellery Shop.
 14060 | Orc:2    | Entered Level 2 of the Orcish Mines
 14113 | Orc:2    | Noticed a stone giant
 14565 | Lair:1   | Entered Level 1 of the Lair of Beasts
 14645 | Lair:1   | Identified the +3 battleaxe "Murmur" {speed, rPois rN++
                  | Int-4 Dex+3}
 14715 | Lair:1   | Reached skill level 11 in Spellcasting
 15138 | Lair:1   | Reached skill level 5 in Evocations
 15147 | Lair:1   | Reached *** piety under Sif Muna
 15389 | Lair:1   | Reached skill level 5 in Invocations
 16975 | Lair:2   | Learned a level 1 spell: Shock
 16979 | Lair:2   | Learned a level 3 spell: Swiftness
 16999 | Lair:2   | Reached **** piety under Sif Muna
 17001 | Lair:2   | Reached skill level 12 in Spellcasting
 17061 | Lair:2   | Reached XP level 12. HP: 40/73 MP: 6/30
 17357 | Lair:2   | Reached skill level 1 in Air Magic
 17669 | Lair:2   | Identified the +11 long sword of the Purple Skies {flame,
                  | +Blink Dex+2}
 18182 | Lair:3   | Found a gate leading to a gauntlet.
 18193 | Gauntlet | Entered a Gauntlet
 18193 | Gauntlet | Found a transporter.
 18195 | Gauntlet | Noticed a death scarab
 18197 | Gauntlet | Found a transporter.
 18198 | Gauntlet | Noticed a death scarab
 18200 | Gauntlet | Found a transporter.
 18200 | Gauntlet | Found a transporter.
 18203 | Gauntlet | Found a transporter.
 18204 | Gauntlet | Found a transporter.
 18205 | Gauntlet | Found a large runed translucent door.
 18206 | Gauntlet | Found a large runed translucent door.
 18207 | Gauntlet | Found a large runed translucent door.
 18207 | Gauntlet | Found a large runed translucent door.
 18207 | Gauntlet | Found a runed translucent door.
 18208 | Gauntlet | Found a large runed translucent door.
 18209 | Gauntlet | Found a large runed translucent door.
 18213 | Gauntlet | Found a large runed translucent door.
 18213 | Gauntlet | Found a large runed translucent door.
 18216 | Gauntlet | Found a runed translucent gate.
 18217 | Gauntlet | Found a transporter.
 18218 | Gauntlet | Noticed a hell hog
 18223 | Gauntlet | Found a runed translucent gate.
 18223 | Gauntlet | Found a transporter.
 18224 | Gauntlet | Found a runed translucent door.
 18224 | Gauntlet | Found a runed translucent gate.
 18230 | Gauntlet | Found a large runed translucent door.
 18230 | Gauntlet | Found a large runed translucent door.
 18230 | Gauntlet | Found a large runed translucent door.
 18230 | Gauntlet | Found a large runed translucent door.
 18231 | Gauntlet | Found a large runed translucent door.
 18231 | Gauntlet | Found a large runed translucent door.
 18232 | Gauntlet | Found a large runed translucent door.
 18232 | Gauntlet | Found a large runed translucent door.
 18294 | Gauntlet | Found a transporter.
 18310 | Gauntlet | Found a transporter.
 18314 | Gauntlet | Found a transporter.
 18323 | Gauntlet | Found a transporter.
 18340 | Gauntlet | Learned a level 3 spell: Stone Arrow
 18355 | Gauntlet | Killed from afar by a raiju

Illustrated notes

Levels and vault maps discovered:
D:1:      scummos_arrival_simple_crosswalls, layout_loops_corners,
          hellmonk_ecumenical_altar_zigzags, minmay_box_of_dots
D:2:      layout_loops_ring, uniq_crazy_yiuf_cottage
D:3:      layout_loops_ring, nicolae_uskayaw_murder_on_the_dancefloor,
          serial_shops, shop, minmay_tree_intersection
D:4:      layout_basic, yredelemnul_altar_generic, gup_ossuary_entry_pyramid,
          serial_bayou_lagoon_a, amcnicky_mini_corridor_feature,
          chequers_serial_rivers_marsh, nicolae_take_the_stairs
D:5:      layout_cave_pods, ebering_ghost_sewer_d
D:6:      minmay_opposing_rooms, layout_basic, gammafunk_ghost_arena,
          uniq_menkaure, uniq_prince_ribbit1, uniq_blork_the_orc
D:7:      layout_rooms, jmf_multi_god_temple, minmay_temple_entry_trees,
          nicolae_shop_sticking_my_neck_out
D:8:      layout_cave_pods, makhleb_altar_promises_db, lemuel_doored_altar
D:9:      layout_loops_cross, lair_entry_dummy, hiddenorc2_lemuel,
          minmay_strange_pillars, uniq_psyche, uniq_maurice, uniq_maggie
Lair:1:   lemuel_ratsnest, layout_layer_cave, lemuel_fruit_fields,
          grunt_megastairs_3
Lair:2:   layout_misc_corridors, grunt_megastairs_2
Lair:3:   layout_cave_pods, gauntlet_entry_generic, ebering_ghost_disaster_area,
          grunt_megastairs_4, serial_bayou_shore_b
Orc:1:    layout_caves, serial_shops, shop
Orc:2:    grunt_orc_gardens, layout_diamond_mine, grunt_orc_garden,
          grunt_orc_garden, grunt_orc_garden, grunt_orc_garden
Gauntlet: minmay_gauntlet_mixed_oops_all_seconds
          [minmay_gauntlet_arena_77_chump_sandwich,
          gammafunk_gauntlet_arena_grid, minmay_gauntlet_arena_77_box,
          minmay_gauntlet_arena_make_your_own_arena,
          minmay_gauntlet_arena_77_mess, gammafunk_gauntlet_arena_spirals,
          gauntlet_exit_watery]

Skill      XL: |  1  2  3  4  5  6  7  8  9 10 11 12 |
---------------+-------------------------------------+-----
Fire Magic     | 4 5 6 7 8 |  8.5
Spellcasting   | 4 5 7 8 10 12 | 12.9
Conjurations   | 2 3 4 5 7 8 |  8.4
Fighting       | 4 7 8 |  8.0
Dodging        | 7 10 | 10.1
Invocations    | 2 5 |  5.1
Evocations     | 2 5 |  5.1
Air Magic      | 2 |  2.7
Stealth        | |  2.4

Action                   |  1- 3 |  4- 6 |  7- 9 | 10-12 || total
-------------------------+-------+-------+-------+-------++-------
Melee: Quarterstaff      |       |       |     4 |    25 ||    29
       Long sword        |       |       |       |     2 ||     2
 Cast: Foxfire           |   108 |    49 |   183 |   319 ||   659
       Scorch            |     2 |    21 |    88 |   241 ||   352
       Flame Wave        |       |       |     2 |    13 ||    15
       Conjure Flame     |       |       |     1 |    11 ||    12
       Call Canine Famil |       |       |       |     1 ||     1
       Shock             |       |       |       |     2 ||     2
       Swiftness         |       |       |       |     1 ||     1
Evoke: Wand              |       |       |       |     4 ||     4
       Tin of tremorston |       |       |       |     2 ||     2
  Use: Scroll            |       |       |    14 |     7 ||    21
       Potion            |       |       |     3 |     1 ||     4
Armor: Robe              |       |       |     7 |    20 ||    27
       Steam dragon scal |       |       |    11 |    15 ||    26
Dodge: Dodged            |    11 |     7 |    72 |   148 ||   238
